 Dungeon Crawl Stone Soup version 0.19.1-28-ge1247f7 (webtiles) character file.

41122 alp the Unseen (level 13, -3/99 HPs)
             Began as a Vampire Enchanter on Jan 20, 2017.
             Was a High Priest of Makhleb.
             Slain by a catoblepas (11 damage)
             ... on level 6 of the Lair of Beasts on Jan 21, 2017.
             The game lasted 01:43:43 (24198 turns).

alp the Unseen (Vampire Enchanter)                 Turns: 24198, Time: 01:43:43

Health: -3/99      AC: 13    Str:  7    XL:     13   Next: 78%
Magic:  32/41      EV:  2    Int: 18    God:    Makhleb [*****.]
Gold:   914        SH:  0    Dex: 22    Spells: 2 memorised, 20 levels left

rFire  + + .     SeeInvis +     Q - +3 rapier (speed)
rCold  + . .     Gourm    .     y - +2 leather armour {rF+}
rNeg   + + +     Faith    .     p - +0 shield {rF+}
rPois  ∞         Spirit   .     D - +2 helmet {SInv}
rElec  .         Reflect  +     m - +2 cloak
rCorr  .         Harm     .     z - +0 pair of gloves {Dex+3}
MR     +....                    h - +0 pair of boots {Fly}
Stlth  +++++++...               T - +2 amulet of reflection
                                k - ring of magical power
                                e - ring of magical power

@: petrified, flying, very slightly contaminated, regenerating slowly
A: fangs 3, see invisible, unbreathing
a: Bat Form, Minor Destruction, Lesser Servant of Makhleb, Major Destruction,
Greater Servant of Makhleb, Renounce Religion, Stop Flying


You were on level 6 of the Lair of Beasts.
You worshipped Makhleb.
Makhleb was extremely pleased with you.
You were near bloodless.

You visited 3 branches of the dungeon, and saw 20 of its levels.
You also visited: Labyrinth.

You collected 1352 gold pieces.
You spent 438 gold pieces at shops.

Inventory:

Hand Weapons
 H - a +2 arbalest of velocity
 Q - a +3 rapier of speed (weapon)
Missiles
 I - 111 bolts
Armour
 h - a +0 pair of boots of flying (worn)
 m - a +2 cloak (worn)
 p - a +0 shield of fire resistance (worn)
 y - a +2 leather armour of fire resistance (worn)
 z - a +0 pair of gloves of dexterity (worn)
 D - a +2 helmet of see invisible (worn)
 E - a +0 leather armour of cold resistance
Rods
 R - a +0 rod of clouds (11/11)
   (You found it on level 5 of the Lair of Beasts)
Jewellery
 e - a ring of magical power (left hand)
 k - a ring of magical power (right hand)
 L - a cursed ring of loudness {unknown}
 T - a +2 amulet of reflection (around neck)
Wands
 n - a wand of acid (4/15)
 v - a wand of flame (21/48)
 A - a wand of slowing (30/48)
 B - a wand of hasting (4/9)
 C - a wand of digging (14/24)
 O - a wand of confusion (31/48)
 U - a wand of teleportation (4/9)
Scrolls
 b - a scroll of fog
 f - 5 scrolls of remove curse
 l - 4 scrolls of teleportation
 q - 4 scrolls of identify
 w - a scroll of summoning
 F - 5 scrolls of amnesia
 G - 2 scrolls of magic mapping
 J - a scroll of blinking {unknown}
 M - 9 scrolls of fear
Potions
 a - 2 potions of brilliance
 g - 13 potions of curing
 i - 3 potions of ambrosia
 o - 32 potions of blood
 r - a potion of might
 t - a potion of resistance
 u - a potion of flight
 x - 2 potions of heal wounds
 N - 3 potions of magic
 P - a potion of cancellation {unknown}
Books
 c - a book of Maledictions

   Spells                             Type                      Level
   a - Corona                         Hexes                        1
   b - Ensorcelled Hibernation        Hexes/Ice                    2
   c - Confuse                        Hexes                        3
   d - Tukima's Dance                 Hexes                        3
   e - Dazzling Spray                 Conjuration/Hexes            3
 d - a book of the Dragon

   Spells                             Type                      Level
   a - Flame Tongue                   Conjuration/Fire             1
   b - Cause Fear                     Hexes                        4
   c - Bolt of Fire                   Conjuration/Fire             6
   d - Dragon Form                    Transmutation                7
   e - Dragon's Call                  Summoning                    9
 j - a book of Battle

   Spells                             Type                      Level
   a - Infusion                       Charms                       1
   b - Shroud of Golubria             Charms/Translocation         2
   c - Song of Slaying                Charms                       2
   d - Spectral Weapon                Hexes/Charms                 3
   e - Regeneration                   Charms/Necromancy            3
 s - a book of Necromancy

   Spells                             Type                      Level
   a - Pain                           Necromancy                   1
   b - Animate Skeleton               Necromancy                   1
   c - Vampiric Draining              Necromancy                   3
   d - Regeneration                   Charms/Necromancy            3
   e - Animate Dead                   Necromancy                   4
   f - Control Undead                 Necromancy                   4
 K - a book of Frost

   Spells                             Type                      Level
   a - Freeze                         Ice                          1
   b - Throw Frost                    Conjuration/Ice              2
   c - Ozocubu's Armour               Charms/Ice                   3
   d - Throw Icicle                   Conjuration/Ice              4
   e - Summon Ice Beast               Ice/Summoning                4


   Skills:
 + Level 8.6 Fighting
 * Level 11.2 Short Blades
 + Level 2.2 Armour
 * Level 13.1 Dodging
 * Level 16.1 Stealth
 + Level 2.4 Shields
 + Level 6.7 Spellcasting
 * Level 12.1 Hexes
 + Level 2.0 Invocations


You had 20 spell levels left.
You knew the following spells:

 Your Spells              Type           Power        Failure   Level  Hunger
x - Ensorcelled Hibernat  Hex/Ice        ####..       12%         2    None
z - Confuse               Hex            #####...     1%          3    ##.....


Dungeon Overview and Level Annotations

Branches:
Dungeon (13/15)            Temple (1/1) D:7            Lair (6/6) D:10
 Shoals (0/4) Lair:2       Spider (0/4) Lair:2        Slime (0/5) Lair:5
    Orc (0/2) D:12         Vaults (0/5) D:13

Altars:
Ashenzari
Cheibriados
Dithmenos
Elyvilon
Fedhas
Gozag
Hepliaklqana
Kikubaaqudgha
Makhleb
Nemelex Xobeh
Okawaru
Qazlal
Ru
Sif Muna
Trog
Uskayaw
Vehumet
Xom
Yredelemnul
Zin
The Shining One
Jiyva

Shops:
D:7 [(*   D:8 (   D:9 ?   D:11 (


Innate Abilities, Weirdness & Mutations

You heal slowly.
You have razor-sharp teeth.
You have supernaturally acute eyesight. (SInv)
You can survive without breathing.


Message History

The catoblepas gores you!! The komodo dragon bites you.
The yak gores you but does no damage. x2; The catoblepas gores you!!
* * * LOW HITPOINT WARNING * * *
The komodo dragon bites you!!
* * * LOW HITPOINT WARNING * * *
The yak gores you but does no damage. The yak gores you!
* * * LOW HITPOINT WARNING * * *
The catoblepas gores you!
* * * LOW HITPOINT WARNING * * *
The elephant tramples you.
* * * LOW HITPOINT WARNING * * *
You hold your ground!
The elephant trunk-slaps you. The komodo dragon bites you.
* * * LOW HITPOINT WARNING * * *
The yak gores you.
* * * LOW HITPOINT WARNING * * *
The yak gores you.
* * * LOW HITPOINT WARNING * * *
The catoblepas gores you!!
You die...

...........#.........
##..........#.....#<...
#....P#................
##......................
.###.......................
.........#.............#P..
................P......#P..
.........Y#....#P..P.......
.........Y@§§..............
8........YYl...............
........†..................
.........P.P.....#PP.......
.............P...##P.......
.........##.......##.#....P
.................... #.#PPP
........................P.P
................. .........


You could see a catoblepas, an elephant, a komodo dragon and 2 yaks.

Vanquished Creatures
  The ghost of bosm the Transmogrifier, a journeyman OpTm of Makhleb (D:12)
  A minotaur (Lab)
  3 hydras
  2 centaur warriors (D:13)
  A catoblepas (Lair:6)
  A death yak (D:9)
  3 unseen horrors (D:11)
  A lindwurm (Lair:3)
  A wizard (D:13)
  6 hill giants
  An ugly thing (D:12)
  The ghost of Clownie the Blocker, a novice FoFi of Okawaru (D:8)
  A wolf spider (Lair:2)
  A deep elf mage (D:13)
  A manticore (D:12)
  Joseph (D:8)
  2 black mambas
  Maurice (D:8)
  2 elephants (Lair:6)
  9 spiny frogs
  4 komodo dragons
  2 jumping spiders (Lair:2)
  4 trolls
  A two-headed ogre (D:8)
  Prince Ribbit (D:7)
  10 hippogriffs
  3 slime creatures (D:12)
  9 blink frogs
  10 dream sheep (Lair:5)
  3 wraiths
  A shadow (D:11)
  2 redbacks (Lair:2)
  2 wyverns
  30 yaks
  A vampire (D:13)
  A basilisk (Lair:4)
  A hungry ghost (D:8)
  Menkaure (D:7)
  6 water moccasins
  A soldier ant (D:12)
  3 porcupines
  3 ice beasts
  7 orc warriors
  2 black bears
  2 sky beasts
  2 eyes of draining (D:13)
  9 wolves
  2 necrophages
  14 centaurs
  2 phantoms
  4 ogres
  8 crocodiles
  5 big kobolds
  11 bullfrogs
  A wyvern skeleton (D:13)
  A water moccasin skeleton (D:6)
  3 scorpions
  5 killer bees (D:12)
  6 wights
  An electric eel (D:9)
  2 howler monkeys
  2 crimson imps
  A bullfrog zombie (D:10)
  3 quasits (D:11)
  A centaur zombie (D:9)
  8 orc priests
  Crazy Yiuf (D:4)
  3 hounds
  7 jellies
  A bullfrog skeleton (D:13)
  A centaur skeleton (D:12)
  5 iguanas
  7 orc wizards
  9 worker ants
  A killer bee zombie (D:6)
  A hound zombie (D:10)
  A hound skeleton (D:7)
  3 worker ant zombies
  8 gnolls
  A howler monkey skeleton (D:11)
  4 river rats (D:10)
  10 adders
  A shadow imp (D:12)
  An ooze (D:9)
  An adder zombie (D:9)
  4 adder skeletons
  A worm (D:4)
  2 dart slugs
  6 leopard geckos
  47 orcs
  2 ball pythons
  6 giant cockroaches
  A goblin (D:3)
  7 hobgoblins
  14 jackals
  26 kobolds
  7 quokkas
  17 bats
  5 frilled lizards
  A leopard gecko zombie (D:6)
  17 rats
  A fungus (Lair:6)
471 creatures vanquished.

Vanquished Creatures (others)
  A centaur (Lair:2)
  5 fungi
  A plant (D:10)
7 creatures vanquished.

Grand Total: 478 creatures vanquished

Notes
Turn   | Place    | Note
-------+----------+-------------------------------------------
     0 | D:1      | alp the Vampire Enchanter began the quest for the Orb.
     0 | D:1      | Reached XP level 1. HP: 13/13 MP: 3/3
   163 | D:1      | Reached XP level 2. HP: 15/19 MP: 5/5
   362 | D:1      | Reached skill level 5 in Stealth
   832 | D:1      | Reached XP level 3. HP: 21/24 MP: 6/6
  1162 | D:2      | Found a shadowy altar of Dithmenos.
  1187 | D:2      | Found an opulent altar of Gozag.
  1552 | D:2      | Reached skill level 6 in Stealth
  1561 | D:2      | Learned a level 3 spell: Confuse
  1564 | D:2      | Learned a level 2 spell: Ensorcelled Hibernation
  1822 | D:2      | Found a blossoming altar of Fedhas.
  2257 | D:3      | Reached XP level 4. HP: 28/30 MP: 7/7
  2749 | D:3      | Reached XP level 5. HP: 25/35 MP: 8/8
  2937 | D:3      | Reached skill level 7 in Stealth
  3144 | D:4      | Found a bloodstained altar of Trog.
  3726 | D:4      | Noticed a necrophage
  3748 | D:4      | Killed a necrophage
  3748 | D:4      | Reached skill level 8 in Stealth
  3748 | D:4      | Reached XP level 6. HP: 36/41 MP: 9/9
  3818 | D:4      | Found a runed door.
  3822 | D:4      | Noticed Crazy Yiuf
  3829 | D:4      | Killed Crazy Yiuf
  3829 | D:4      | Reached skill level 5 in Short Blades
  4166 | D:5      | Entered Level 5 of the Dungeon
  4192 | D:5      | Reached skill level 9 in Stealth
  4241 | D:5      | Reached XP level 7. HP: 46/46 MP: 10/10
  4441 | D:5      | Reached skill level 5 in Hexes
  5461 | D:6      | Noticed a wraith
  5464 | D:6      | Killed a wraith
  5464 | D:6      | Reached XP level 8. HP: 52/52 MP: 13/13
  5515 | D:6      | Found an iron altar of Okawaru.
  5880 | D:5      | Upgraded the game from 0.19.1-1-g22dce08 to 0.19.1-28-ge1247f7
  6337 | D:6      | Reached skill level 1 in Fighting
  7315 | D:7      | Noticed Menkaure
  7350 | D:7      | Killed Menkaure
  7410 | D:7      | Found Ufoiliuw's Antique Weapon Emporium.
  7433 | D:7      | Found Rathruc's Armour Shop.
  7436 | D:7      | Found a staircase to the Ecumenical Temple.
  7437 | D:7      | Noticed Prince Ribbit
  7453 | D:7      | Killed Prince Ribbit
  7453 | D:7      | Reached skill level 5 in Dodging
  7453 | D:7      | Reached XP level 9. HP: 41/63 MP: 16/16
  7487 | D:7      | Bought a +0 pair of gloves of dexterity for 115 gold pieces
  7631 | D:7      | Found a deep blue altar of Sif Muna.
  7644 | D:7      | Identified Sif Muna's Incunabulum of Calling
  7804 | Temple   | Entered the Ecumenical Temple
  7991 | Temple   | Became a worshipper of Makhleb the Destroyer
  8050 | D:7      | Found a shattered altar of Ashenzari.
  8143 | D:7      | Found Zin's Purification Station.
  8165 | D:7      | Found a glowing silver altar of Zin.
  8655 | D:7      | You fall through a shaft for 2 floors!
  8699 | D:8      | Noticed Clownie's ghost (novice FoFi)
  8731 | D:8      | Found Nujuhogh's Weapon Shop.
  8732 | D:8      | Killed Clownie's ghost
  8791 | D:8      | Reached skill level 10 in Dodging
  9152 | D:8      | Reached XP level 10. HP: 70/70 MP: 17/17
  9166 | D:8      | Noticed Joseph
  9192 | D:8      | Killed Joseph
  9363 | D:8      | Reached skill level 10 in Stealth
  9364 | D:8      | Reached * piety under Makhleb
  9422 | D:8      | Noticed Maurice
  9439 | D:8      | Killed Maurice
  9884 | D:9      | Found Kuqiog's Magic Scroll Emporium.
  9945 | D:9      | Reached skill level 11 in Stealth
 10040 | D:9      | Reached skill level 12 in Stealth
 10305 | D:9      | Reached skill level 5 in Spellcasting
 10336 | D:9      | Noticed a death yak
 10338 | D:9      | Killed a death yak
 10338 | D:9      | Reached ** piety under Makhleb
 10707 | D:4      | Reached XP level 11. HP: 49/78 MP: 19/19
 10919 | D:9      | Found a faded altar of an unknown god.
 10919 | D:9      | Found a faded altar of an unknown god.
 10924 | D:9      | Found a faded altar of an unknown god.
 10926 | D:9      | Found a faded altar of an unknown god.
 10927 | D:9      | Found a blossoming altar of Fedhas.
 11021 | D:9      | Found a sparkling altar of Nemelex Xobeh.
 11263 | D:10     | Entered Level 10 of the Dungeon
 11301 | D:10     | Found a shattered altar of Ashenzari.
 11387 | D:10     | Reached skill level 5 in Fighting
 11420 | D:10     | Noticed a hill giant
 11439 | D:10     | Killed a hill giant
 11917 | D:10     | Found a staircase to the Lair.
 11922 | D:10     | Reached *** piety under Makhleb
 12055 | D:10     | Noticed a hill giant
 12062 | D:10     | Killed a hill giant
 12215 | D:11     | Noticed a hill giant
 12220 | D:11     | Killed a hill giant
 12256 | D:11     | Noticed an unseen horror
 12283 | D:11     | Killed an unseen horror
 12325 | D:11     | Noticed an unseen horror
 12359 | D:11     | Killed an unseen horror
 12641 | D:11     | Noticed a hill giant
 12647 | D:11     | Killed a hill giant
 12677 | D:11     | Noticed an unseen horror
 12686 | D:11     | Killed an unseen horror
 12686 | D:11     | Reached skill level 10 in Hexes
 12786 | D:11     | Reached **** piety under Makhleb
 13305 | D:11     | Found Fulyewos's Weapon Boutique.
 13312 | D:11     | Bought a +1 rapier of speed for 323 gold pieces
 13459 | D:12     | Reached XP level 12. HP: 92/92 MP: 21/21
 13650 | D:12     | Found a basalt altar of Yredelemnul.
 13797 | D:12     | Reached skill level 10 in Short Blades
 13884 | D:12     | Noticed bosm's ghost (journeyman OpTm)
 13886 | D:12     | Found a staircase to the Orcish Mines.
 13935 | D:12     | Killed bosm's ghost
 14463 | D:13     | Reached skill level 13 in Stealth
 14572 | D:13     | Noticed a centaur warrior
 14578 | D:13     | Killed a centaur warrior
 14596 | D:13     | Found a gate to the Vaults.
 14910 | D:13     | Reached ***** piety under Makhleb
 14951 | D:13     | Noticed a centaur warrior
 14965 | D:13     | Killed a centaur warrior
 14965 | D:13     | Reached skill level 14 in Stealth
 15295 | Lair:1   | Entered Level 1 of the Lair of Beasts
 15595 | Lair:1   | Found a labyrinth entrance.
 15603 | Lab      | Entered a labyrinth
 19699 | Lab      | Noticed a minotaur
 19726 | Lab      | Killed a minotaur
 19917 | Lair:1   | Reached skill level 15 in Stealth
 20702 | Lair:2   | Reached skill level 1 in Shields
 20883 | Lair:2   | Reached XP level 13. HP: 98/98 MP: 21/22
 20940 | Lair:2   | Found a staircase to the Shoals.
 20946 | Lair:2   | Reached skill level 1 in Armour
 21067 | Lair:2   | Found a hole to the Spider Nest.
 22563 | Lair:4   | Reached skill level 1 in Invocations
 23812 | Lair:5   | Found a viscous altar of Jiyva.
 23812 | Lair:5   | Found a staircase to the Slime Pits.
 23883 | Lair:6   | Entered Level 6 of the Lair of Beasts
 24051 | Lair:6   | Reached skill level 16 in Stealth
 24198 | Lair:6   | Slain by a catoblepas

Skill      XL: |  1  2  3  4  5  6  7  8  9 10 11 12 13 |
---------------+----------------------------------------+-----
Short Blades   | 2 3 4 5 8 9 10 11 | 11.2
Stealth        | 5 6 8 9 12 15 16 | 16.1
Hexes          | 8 10 12 | 12.1
Spellcasting   | 3 4 5 6 |  6.7
Fighting       | 3 4 8 |  8.6
Dodging        | 5 10 12 13 | 13.1
Shields        | 1 2 |  2.4
Armour         | 2 |  2.2
Invocations    | 2 |  2.0

Action                   |  1- 3 |  4- 6 |  7- 9 | 10-12 | 13-15 || total
-------------------------+-------+-------+-------+-------+-------++-------
Melee: Dagger            |   179 |   188 |   399 |   526 |       ||  1292
       Bite              |     6 |    17 |    43 |   128 |    32 ||   226
       Rapier            |       |       |       |   328 |   218 ||   546
 Cast: Ensorcelled Hiber |       |     9 |    16 |    76 |       ||   101
       Confuse           |       |     1 |    48 |   111 |    77 ||   237
 Abil: End Transformatio |       |       |     2 |       |       ||     2
       Bat Form          |       |       |     2 |       |       ||     2
Evoke: Wand              |       |       |       |     2 |       ||     2
  Use: Scroll            |     3 |     6 |     5 |    14 |     2 ||    30
       Potion            |       |       |     7 |     3 |       ||    10
 Stab: Sleeping          |    12 |    24 |    31 |    88 |    22 ||   177
       Confused          |       |     2 |    20 |    61 |    46 ||   129
       Distracted        |       |       |     3 |     3 |       ||     6
       Petrified         |       |       |       |       |     2 ||     2
  Eat: Corpse            |       |       |     3 |     3 |       ||     6
Armor: Robe              |    84 |    49 |    98 |    85 |       ||   316
       Ring mail         |       |       |       |    43 |    14 ||    57
       Leather armour    |       |       |       |       |    21 ||    21
Dodge: Dodged            |   164 |    92 |   264 |   636 |   110 ||  1266
Block: Shield            |       |       |       |    17 |    76 ||    93
       Other             |       |       |       |     4 |       ||     4
       Reflection        |       |       |       |     2 |     5 ||     7
